[Event "FIDE WCCC U10 2018"]
[Site "Santiago de Compostela"]
[Date "2018.11.09"]
[Round "5"]
[White "Sloan, Jed"]
[Black "Ansat, Aldiyar"]
[Result "1-0"]
[ECO "C00"]
[WhiteElo "1556"]
[BlackElo "1899"]
[Annotator "NA RC"]
[PlyCount "137"]
[EventDate "2018.11.04"]
[EventType "swiss"]
[EventCountry "ESP"]
[SourceTitle "playchess.com"]
[Source "ChessBase"]
[SourceQuality "1"]
[TimeControl "40/5400+30:1800+30"]

1. e4 e6 2. d3 d5 3. Nd2 Nf6 4. Ngf3 Nc6 5. g3 Be7 {[%emt 0:04:15] C00: French: Unusual White 2nd moves} 6. Bg2 O-O 7. O-O b6 (7... dxe4 8. dxe4 e5 9. c3 a5 10. Qc2 Be6 11. b3 Nd7 12. Rd1 Qe8 13. Nf1 f6 14. Ne3 Qf7 15. Nd5 Bd6 16. Nd2 Ne7 17. Ne3 {½-½ (108) Onischuk,V (2637)-Kravtsiv,M (2672) Riadh 2017}) 8. e5 Nd7 9. Re1 a5 10. Nf1 $146 ({Predecessor:} 10. d4 Na7 11. c4 dxc4 12. Nxc4 Ba6 13. Ne3 c6 14. h4 Rc8 {1-0 (40) Harvey,M (2320)-De Blecourt,S (2157) Helsingor 2015}) 10... a4 11. Bf4 a3 12. b3 $1 Bb4 13. Bd2 Ba6 14. c3 Be7 15. d4 Bd3 16. Bf4 Be4 {[%emt 0:00:42] [#]} 17. N1d2 ({Better is} 17. Rxe4 $1 $16 dxe4 18. N3d2) 17... Bf5 18. h4 Bg4 19. Nf1 Na5 20. Ne3 Bxf3 21. Bxf3 Rc8 22. c4 c6 23. Rc1 Nb8 24. Qd3 Na6 25. Nc2 Nb4 26. Nxb4 Bxb4 27. Red1 dxc4 (27... Qd7 $16 28. Be3 Rfd8) 28. bxc4 Qe7 29. Bg5 Qc7 30. Qe4 Be7 31. Qg4 Rfe8 (31... Bxg5 $16 {kämpft weiter.} 32. Qxg5 Qb8) 32. Bh6 Bf8 33. h5 Kh8 34. Bf4 Qe7 35. h6 g6 36. d5 b5 37. Bg5 Qb7 38. d6 Qd7 39. c5 Kg8 40. Qb4 Nc4 41. Rxc4 bxc4 42. Qxc4 Rb8 43. Qe4 Rec8 44. Qe3 Rb5 45. Qxa3 Rcb8 46. Be2 Rb2 47. Bf1 Rc2 48. Bd3 Rcb2 49. Qa6 R2b4 50. Bc4 R8b7 51. Bf1 Ra7 52. Qe2 Rb5 53. Qe3 Rba5 54. Rb1 Ra8 55. Rb2 Ra3 56. Qd2 Rf3 57. Bg2 Rfa3 58. Qc2 R3a6 59. Qe4 Rc8 60. Rb6 Ra5 61. Rxc6 Rxc5 62. Rxc5 Rxc5 63. Qb7 Qa4 64. Bf3 Rxe5 65. d7 Re1+ 66. Kg2 Qc4 67. d8=Q Qf1+ 68. Kh2 Qxf2+ 69. Bg2 1-0

[Event "FIDE WCCC U10 2018"]
[Site "Santiago de Compostela"]
[Date "2018.11.09"]
[Round "5"]
[White "Clarkson, George"]
[Black "Pingin, Artem"]
[Result "0-1"]
[ECO "B43"]
[WhiteElo "1552"]
[BlackElo "1981"]
[Annotator "NA RC"]
[PlyCount "76"]
[EventDate "2018.11.04"]
[EventType "swiss"]
[EventCountry "ESP"]
[SourceTitle "playchess.com"]
[Source "ChessBase"]
[SourceQuality "1"]
[TimeControl "40/5400+30:1800+30"]

1. e4 c5 2. Nf3 e6 3. d4 cxd4 4. Nxd4 a6 5. Nc3 Qc7 6. Be3 Nf6 7. a3 b5 {[%emt 0:02:13] LiveBook: 24 Games} 8. g4 {[%emt 0:01:09] B43: Sicilian: Kan Variation: 5 Nc3} (8. Bd3 Bb7 9. Qf3 d6 10. Qg3 Nbd7 11. O-O h5 12. h3 h4 13. Qf3 Be7 14. Nb3 d5 15. Bf4 e5 {0-1 (31) Escobar Medina,A (2343)-Iturrizaga Bonelli,E (2663) Medellin 2017}) 8... b4 9. axb4 Bxb4 10. Ndb5 Qc6 $146 ({Besser ist Predecessor:} 10... axb5 $11 11. Rxa8 Bb7 12. Rxb8+ (12. Ra7 Nc6 $11 13. Rxb7 Qxb7 14. f3 Ne5 15. Kf2 O-O {0-1 (26) Sharshov,W (1825)-De Groote,E (2206) Enschede 2009}) 12... Qxb8) 11. Qd4 axb5 12. Rxa8 Qxa8 13. Qxb4 Nc6 14. Qd6 Qa1+ 15. Kd2 b4 16. Bg2 bxc3+ 17. bxc3 Qa4 18. f3 Ng8 19. e5 (19. Rb1 {was worth a try.}) 19... Nge7 20. Bg5 h6 21. Bxe7 Nxe7 22. Rb1 (22. Qb4 $142 Qc6 23. Ra1) 22... Qf4+ 23. Ke2 f6 24. Rb5 Kf7 25. Kf2 Nc6 26. Bf1 Nxe5 27. Qd1 Nxg4+ 28. Ke1 Qe3+ 29. Qe2 Qc1+ 30. Qd1 Qxd1+ 31. Kxd1 Ne3+ 32. Ke1 Nxf1 33. Ra5 Ne3 34. Ra8 Re8 35. Kd2 Nc4+ 36. Kd3 d5 37. f4 e5 38. fxe5 Bf5+ 0-1

[Event "FIDE WCCC U10 2018"]
[Site "Santiago de Compostela"]
[Date "2018.11.10"]
[Round "6"]
[White "Kadam Om Manish"]
[Black "Bialiauski, Artsiom"]
[Result "0-1"]
[ECO "E46"]
[WhiteElo "2025"]
[BlackElo "1791"]
[Annotator "NA"]
[PlyCount "41"]
[EventDate "2018.11.04"]
[EventType "swiss"]
[EventCountry "ESP"]
[SourceTitle "playchess.com"]
[Source "ChessBase"]
[SourceQuality "1"]
[TimeControl "40/5400+30:1800+30"]

1. d4 Nf6 2. c4 e6 3. Nc3 Bb4 4. e3 O-O 5. Nge2 c5 6. a3 Bxc3+ 7. bxc3 b6 $11 {[%emt 0:00:34] LiveBook: 12 Games} 8. Ng3 Nc6 9. Bd3 Ba6 10. O-O Rc8 11. Qa4 Na5 12. Qd1 cxd4 13. cxd4 Bxc4 14. e4 d5 15. e5 Ne4 16. Ne2 f5 17. Nf4 Qe8 18. Bxc4 Rxc4 19. Be3 g5 20. Nh5 Nc3 21. Qf3 0-1

[Event "FIDE WCCC U10 2018"]
[Site "Santiago de Compostela"]
[Date "2018.11.10"]
[Round "6"]
[White "Xiao, Tong"]
[Black "Deuer, Marius"]
[Result "1/2-1/2"]
[ECO "C88"]
[WhiteElo "2022"]
[BlackElo "1695"]
[Annotator "NA RC"]
[PlyCount "118"]
[EventDate "2018.11.04"]
[EventType "swiss"]
[EventCountry "ESP"]
[SourceTitle "playchess.com"]
[Source "ChessBase"]
[SourceQuality "1"]
[TimeControl "40/5400+30:1800+30"]

1. e4 e5 2. Nf3 Nc6 3. Bb5 a6 4. Ba4 Nf6 5. O-O Be7 6. Re1 b5 7. Bb3 d6 8. a4 Bd7 9. c3 Na5 10. Bc2 c5 11. d3 O-O 12. Nbd2 Re8 13. Nf1 h6 14. Ng3 {[%emt 0:03:40] C90: Closed Ruy Lopez with 7...d6: Early deviations} Bf8 15. h3 Nc6 16. Nh2 (16. d4 exd4 17. cxd4 cxd4 18. Nxd4 Nxd4 19. Qxd4 Qc7 20. Bb3 d5 21. axb5 Bc5 {1-0 (30) Yu,Y (2760)-Sevian,S (2614) chess.com INT 2018}) 16... g6 17. f4 d5 $146 ({Predecessor:} 17... exf4 18. Bxf4 b4 19. Nf3 Qc7 20. Qd2 Kh7 21. d4 bxc3 22. bxc3 cxd4 23. cxd4 {1-0 (55) Perez de Aranda,L (2216)-Pablos Tenrero,R (1859) Madrid 2009}) 18. fxe5 Nxe5 19. d4 cxd4 20. cxd4 Qb6 21. a5 Qa7 22. Kh1 Nc6 23. e5 Nh7 24. Be3 Ng5 25. Rf1 Bg7 26. Qd2 Ne6 27. Rad1 Rac8 28. Bb1 Qc7 29. Ng4 Nexd4 30. Nxh6+ Bxh6 31. Bxh6 Qxe5 32. Qf2 Nf5 33. Nxf5 Bxf5 34. Bxf5 Qxf5 35. Qh4 Qh5 36. Qf4 Qf5 37. Qd2 Qe6 38. Bg5 d4 39. Qf4 f5 40. Qh4 Qf7 41. Bf6 Qh7 42. Qg3 Re6 43. Bxd4 Nxd4 44. Rxd4 Qc7 45. Qb3 Qf7 46. Qd3 Rcc6 47. b4 Qf8 48. Rd8 Re8 49. Qd5+ Rce6 50. Re1 Rxd8 51. Qxe6+ Kg7 52. Qxa6 Qxb4 {[%emt 0:01:06] [#]} 53. Rg1 (53. Qa7+ $1 $16 Kg8 54. Qe3) 53... Re8 54. Qb7+ Re7 55. Qb6 Re1 $2 (55... Qc3 $11) 56. Qc7+ $2 ({Weiss braucht} 56. a6 $18 Kf7 57. a7 Rxg1+ 58. Qxg1) 56... Kh6 57. a6 Rxg1+ 58. Kxg1 f4 $2 {[%emt 0:00:14] [#]} (58... Qd4+ $1 $11 {and Black is okay.} 59. Kh2 f4) 59. Kh2 $2 (59. Qe5 $1 $18 f3 60. gxf3) 59... Qd2 $11 1/2-1/2

[Event "FIDE WCCC U10 2018"]
[Site "Santiago de Compostela"]
[Date "2018.11.10"]
[Round "6"]
[White "Pingin, Artem"]
[Black "Jin Yueheng"]
[Result "1/2-1/2"]
[ECO "B15"]
[WhiteElo "1981"]
[BlackElo "1914"]
[Annotator "NA"]
[PlyCount "119"]
[EventDate "2018.11.04"]
[EventType "swiss"]
[EventCountry "ESP"]
[SourceTitle "playchess.com"]
[Source "ChessBase"]
[SourceQuality "1"]
[TimeControl "40/5400+30:1800+30"]

1. e4 c6 2. d4 d5 3. Nc3 dxe4 4. Nxe4 Nf6 5. Nxf6+ exf6 6. c3 Bd6 7. Bd3 O-O 8. Qc2 $11 {LiveBook: 304 Games} Re8+ 9. Ne2 h6 10. Be3 Na6 11. O-O Nc7 12. c4 Bg4 13. h3 Bxe2 14. Bxe2 Ne6 15. Bg4 Qc7 16. Qd2 Rad8 17. d5 cxd5 18. cxd5 Nf4 19. Bxf4 Bxf4 20. Qd3 Be5 21. Qd2 Qb6 22. Rab1 Re7 23. b3 Bc7 24. Rbd1 Qd6 25. g3 Bb6 26. Kg2 Re5 27. Bf3 f5 28. Rfe1 Rde8 29. Rxe5 Rxe5 30. Re1 Rxe1 31. Qxe1 Kf8 32. Qc3 Bc7 33. Qd4 Bb8 34. Qc3 Bc7 35. Qd4 Bb6 36. Qc3 Qc5 37. Qxc5+ Bxc5 38. d6 Bxd6 39. Bxb7 Ke7 40. Bd5 h5 41. Bf3 g6 42. Be2 Ke6 43. Bc4+ Ke7 44. Be2 Bc5 45. a4 a5 46. f3 Bb4 47. g4 fxg4 48. fxg4 h4 49. Bc4 f5 50. gxf5 gxf5 51. Kf3 Kf6 52. Bd3 Ke5 53. Bc4 f4 54. Bg8 Be1 55. Bc4 Bg3 56. Bb5 Kd4 57. Bc4 Kc3 58. Bg8 Kd2 59. Be6 Ke1 60. Bg8 1/2-1/2

[Event "FIDE WCCC U10 2018"]
[Site "Santiago de Compostela"]
[Date "2018.11.10"]
[Round "6"]
[White "Vagman, Roy"]
[Black "Todev, Simeon"]
[Result "1-0"]
[ECO "B72"]
[WhiteElo "1970"]
[BlackElo "1767"]
[Annotator "NA"]
[PlyCount "119"]
[EventDate "2018.11.04"]
[EventType "swiss"]
[EventCountry "ESP"]
[SourceTitle "playchess.com"]
[Source "ChessBase"]
[SourceQuality "1"]
[TimeControl "40/5400+30:1800+30"]

1. e4 c5 2. Nf3 d6 3. d4 Nf6 4. Nc3 cxd4 5. Nxd4 g6 6. Be3 Bg7 7. h3 Nc6 8. Qd2 O-O 9. O-O-O d5 10. exd5 Nxd5 11. Nxc6 bxc6 12. Nxd5 cxd5 13. Qxd5 $14 Qc7 14. Qxa8 Bf5 15. Qxf8+ Kxf8 16. Bd3 Be6 17. Kb1 Qa5 18. a3 Kg8 19. Be2 h6 20. Rhe1 Qc7 21. Bd4 Bf5 22. Bd3 Bxd4 23. Bxf5 Qb6 24. Rxd4 Qxd4 25. Bd3 Qxf2 26. Rxe7 Qxg2 27. Bc4 Qg1+ 28. Ka2 Qc5 29. Bxf7+ Kf8 30. Rb7 Qxc2 31. Bb3 Qf2 32. a4 g5 33. Rh7 Qh4 34. Rxa7 Qxh3 35. a5 g4 36. a6 Qh5 37. Rf7+ Ke8 38. Rf4 Qh1 39. Rxg4 Kd7 40. Rd4+ Kc7 41. a7 Qa8 42. Ra4 Kb6 43. Bd1 Qd5+ 44. Bb3 Qa8 45. Bc2 Qd5+ 46. Ka1 Qh1+ 47. Bb1 Qa8 48. Be4 Qxa7 49. Rxa7 Kxa7 50. Ka2 Kb6 51. b4 h5 52. Kb3 Kb5 53. Bd3+ Kb6 54. Kc4 h4 55. Be4 h3 56. Bh1 h2 57. Bg2 Kc7 58. Kc5 Kc8 59. Kc6 Kb8 60. b5 1-0

[Event "FIDE WCCC U10 2018"]
[Site "Santiago de Compostela"]
[Date "2018.11.10"]
[Round "6"]
[White "Sosa Costa, Leonardo"]
[Black "Kandil, Ahmed Abdel Khalek"]
[Result "1-0"]
[ECO "C55"]
[WhiteElo "1945"]
[BlackElo "1812"]
[Annotator "NA"]
[PlyCount "59"]
[EventDate "2018.11.04"]
[EventType "swiss"]
[EventCountry "ESP"]
[SourceTitle "playchess.com"]
[Source "ChessBase"]
[SourceQuality "1"]
[TimeControl "40/5400+30:1800+30"]

1. e4 e5 2. Nf3 Nc6 3. Bc4 Nf6 4. d3 Be7 5. O-O O-O 6. Re1 d6 7. a4 Be6 8. Nbd2 Qd7 9. c3 Rad8 10. b4 d5 11. exd5 Bxd5 12. b5 Na5 13. Nxe5 Qf5 14. Bxd5 Nxd5 15. Qf3 Qxf3 16. Ndxf3 Nxc3 17. Bd2 Bb4 18. Rab1 Nxb1 19. Bxb4 Rfe8 20. Rxb1 b6 21. Bxa5 bxa5 22. d4 Rd6 23. h3 Rb8 24. Rc1 a6 25. Rxc7 axb5 26. Nc6 Rf8 27. axb5 a4 28. Ra7 g6 29. Rxa4 Rc8 30. Ne7+ 1-0

[Event "FIDE WCCC U10 2018"]
[Site "Santiago de Compostela"]
[Date "2018.11.10"]
[Round "6"]
[White "Mogirzan, Matei-Valeriu"]
[Black "Kempe, Caius Emilian"]
[Result "1-0"]
[ECO "B32"]
[WhiteElo "1939"]
[BlackElo "1653"]
[Annotator "NA"]
[PlyCount "49"]
[EventDate "2018.11.04"]
[EventType "swiss"]
[EventCountry "ESP"]
[SourceTitle "playchess.com"]
[Source "ChessBase"]
[SourceQuality "1"]
[TimeControl "40/5400+30:1800+30"]

1. e4 c5 2. Nf3 Nc6 3. d4 cxd4 4. c3 dxc3 5. Nxc3 e6 6. Bc4 Qc7 7. O-O Nf6 8. Re1 Bc5 $11 9. h3 O-O 10. e5 Ne8 11. Bd3 f5 12. exf6 Nxf6 13. Ne4 Nb4 14. Nxf6+ gxf6 15. Ne5 f5 16. Bh6 Nxd3 17. Qxd3 d6 18. Qg3+ Kh8 19. Bxf8 dxe5 20. Rac1 b6 21. b4 Qf7 22. Bxc5 bxc5 23. Qxe5+ Kg8 24. Rxc5 Bd7 25. Rc7 1-0

[Event "FIDE WCCC U10 2018"]
[Site "Santiago de Compostela"]
[Date "2018.11.10"]
[Round "6"]
[White "Atanasov, Anthony"]
[Black "Mardov, Dimitar"]
[Result "1/2-1/2"]
[ECO "D00"]
[WhiteElo "1916"]
[BlackElo "1985"]
[Annotator "NA RC"]
[PlyCount "123"]
[EventDate "2018.11.04"]
[EventType "swiss"]
[EventCountry "ESP"]
[SourceTitle "playchess.com"]
[Source "ChessBase"]
[SourceQuality "1"]
[TimeControl "40/5400+30:1800+30"]

1. d4 d5 2. Bf4 Nf6 3. e3 e6 4. Nd2 c5 5. c3 Nc6 6. Ngf3 Bd6 7. Bg3 O-O 8. Bb5 {[%emt 0:00:10] D02: 1 d4 d5 2 Nf3 sidelines, including 2...Nf6 3 g3 and 2...Nf6 3 Bf4} Be7 {[%emt 0:03:51] LiveBook: 37 Games} 9. Rb1 $146 ({Predecessor:} 9. Bd3 b6 10. O-O Bb7 11. h3 Bd6 12. Bh4 Be7 13. Qb1 h6 14. a3 Nh5 15. Bxe7 Qxe7 {½-½ (64) Carlsen,M (2837)-Wang,H (2709) Riadh 2017}) 9... Bd7 10. Bd3 a6 11. dxc5 Bxc5 12. e4 dxe4 13. Nxe4 Nxe4 14. Bxe4 f5 15. Bc2 Be7 16. Bf4 Bf6 17. O-O Re8 18. Re1 g6 19. Bb3 Qe7 20. Qd2 Na5 21. Bd6 Nxb3 22. axb3 Qf7 23. Ne5 Bxe5 24. Bxe5 Bc6 25. Rbd1 Re7 26. Qf4 Rd7 27. Bd4 Rd5 28. c4 e5 29. Rxe5 Rd7 30. Re3 Re8 31. h4 Rxe3 32. Qxe3 Qe7 33. Re1 Qxe3 34. fxe3 Kf7 35. Kf2 f4 36. Bc3 fxe3+ 37. Rxe3 Re7 38. Rd3 Rd7 39. Rh3 Re7 40. Rh1 Re4 41. Rh3 Rf4+ 42. Kg1 Ke6 43. Be1 Rg4 44. Re3+ Re4 45. Bd2 Rxe3 46. Bxe3 Be4 47. Kf2 Bc2 48. b4 Bd3 49. c5 Be4 50. Bd2 Bc6 51. g3 Be4 52. Ke3 Kd5 53. Bc3 h5 54. Kf4 Bc2 55. Kg5 Kc6 56. Kf6 Bd3 57. Ke7 $11 Bc2 58. Be1 Bd3 59. Bf2 Bc2 60. Kf6 Bd3 61. g4 hxg4 62. Kg5 1/2-1/2

[Event "FIDE WCCC U10 2018"]
[Site "Santiago de Compostela"]
[Date "2018.11.10"]
[Round "6"]
[White "Hagner, Bennet"]
[Black "Hartofylakas, Spyros"]
[Result "1-0"]
[ECO "C50"]
[WhiteElo "1912"]
[BlackElo "1651"]
[Annotator "NA"]
[PlyCount "99"]
[EventDate "2018.11.04"]
[EventType "swiss"]
[EventCountry "ESP"]
[SourceTitle "playchess.com"]
[Source "ChessBase"]
[SourceQuality "1"]
[TimeControl "40/5400+30:1800+30"]

1. e4 e5 2. Nf3 Nc6 3. Bc4 Bc5 4. O-O Nf6 5. d4 Bxd4 6. Nxd4 Nxd4 7. f4 d6 8. fxe5 dxe5 9. Bg5 Qe7 10. Na3 Rg8 11. c3 Ne6 12. Bxf6 gxf6 13. Kh1 $17 {[%emt 0:04:37] LiveBook: 3 Games} Bd7 14. Nc2 O-O-O 15. Qf3 Ng5 16. Qxf6 Qxf6 17. Rxf6 Bc6 18. Ne3 Bxe4 19. h4 Nh3 20. Bxf7 Rg3 21. Kh2 Rxe3 22. Be6+ Kb8 23. Bxh3 Re2 24. Rd1 Rg8 25. Rdf1 a6 26. R6f2 Re3 27. Rf8+ Rxf8 28. Rxf8+ Ka7 29. Rf2 Kb6 30. Bg4 Kc5 31. Re2 Rxe2 32. Bxe2 Bb1 33. a3 Kd5 34. Kg3 Be4 35. Kf2 c5 36. g4 c4 37. Bf3 b5 38. g5 a5 39. h5 a4 40. g6 hxg6 41. h6 Bxf3 42. Kxf3 e4+ 43. Ke3 Ke6 44. h7 Kf7 45. h8=Q g5 46. Kxe4 g4 47. Kf5 g3 48. Qh7+ Ke8 49. Ke6 Kd8 50. Qd7# 1-0

[Event "FIDE WCCC U10 2018"]
[Site "Santiago de Compostela"]
[Date "2018.11.10"]
[Round "6"]
[White "Vetokhin, Savva"]
[Black "Nemsadze, Daviti"]
[Result "0-1"]
[ECO "C07"]
[WhiteElo "1874"]
[BlackElo "1762"]
[Annotator "NA"]
[PlyCount "112"]
[EventDate "2018.11.04"]
[EventType "swiss"]
[EventCountry "ESP"]
[SourceTitle "playchess.com"]
[Source "ChessBase"]
[SourceQuality "1"]
[TimeControl "40/5400+30:1800+30"]

1. e4 e6 2. d4 d5 3. Nd2 c5 4. Ngf3 Nf6 5. exd5 exd5 6. dxc5 $11 Bxc5 7. Nb3 Bb6 8. Be2 O-O 9. O-O h6 10. c3 Bf5 11. Nbd4 Be4 12. h3 Nc6 13. Be3 Rc8 14. Bd3 Na5 15. Rb1 Nc4 16. Bf4 Bxd3 17. Qxd3 Ne4 18. Ne5 Bc7 19. Nxc4 Bxf4 20. Ne3 Re8 21. Ndc2 Qg5 22. Rbe1 Rcd8 23. Re2 Rd6 24. Rfe1 Rg6 25. Qxd5 Re5 26. Qd4 h5 27. c4 Nd6 28. f3 Rge6 29. Qd3 Bg3 30. c5 Bxe1 31. cxd6 Ba5 32. b4 Bb6 33. d7 Rd5 34. Qc3 Rxd7 35. Qc8+ Qd8 36. Qc3 Rd3 37. Qe1 Bxe3+ 38. Nxe3 Qd4 39. Kf2 f5 40. g3 h4 41. Qc1 hxg3+ 42. Kg2 Rdxe3 43. Qc8+ Re8 44. Qxe8+ Rxe8 45. Rxe8+ Kf7 46. Re2 f4 47. a3 Qd3 48. Ra2 Ke6 49. h4 Kd5 50. h5 Kc4 51. h6 gxh6 52. Rb2 Qxa3 53. Rc2+ Kd3 54. Rc7 Qb2+ 55. Kh3 Qh2+ 56. Kg4 g2 0-1

[Event "FIDE WCCC U10 2018"]
[Site "Santiago de Compostela"]
[Date "2018.11.10"]
[Round "6"]
[White "Seemann, Jakub"]
[Black "Volkov, Maksim"]
[Result "0-1"]
[ECO "C08"]
[WhiteElo "1869"]
[BlackElo "1971"]
[Annotator "NA"]
[PlyCount "86"]
[EventDate "2018.11.04"]
[EventType "swiss"]
[EventCountry "ESP"]
[SourceTitle "playchess.com"]
[Source "ChessBase"]
[SourceQuality "1"]
[TimeControl "40/5400+30:1800+30"]

1. e4 e6 2. d4 d5 3. Nd2 c5 4. exd5 exd5 5. Ngf3 a6 6. Be2 c4 7. O-O Bd6 8. Re1 Ne7 9. a4 O-O 10. b3 cxb3 11. c3 Bf5 12. Qxb3 $11 Nbc6 13. Ba3 Na5 14. Qb2 Rc8 15. Bxd6 Qxd6 16. Nb3 Qb6 17. Bd1 Ng6 18. Ra2 Nf4 19. Nc5 Qxb2 20. Rxb2 Rxc5 21. dxc5 Nd3 22. Rbe2 Nxe1 23. Rxe1 Rc8 24. Nd4 Be4 25. f3 Bd3 26. Nb3 Nc6 27. Nd4 Kf8 28. Be2 Bg6 29. g4 Ne7 30. Nb3 Bc2 31. Nd4 Bxa4 32. Rb1 Rc7 33. Kf2 Bd7 34. Nb3 Ng6 35. Ke3 Bc8 36. Kd4 Nf4 37. Bf1 g5 38. Bd3 Kg7 39. Bc2 Bd7 40. Re1 Ba4 41. Rb1 Re7 42. Bf5 Ne2+ 43. Kxd5 Nxc3+ 0-1

[Event "FIDE WCCC U10 2018"]
[Site "Santiago de Compostela"]
[Date "2018.11.10"]
[Round "6"]
[White "Dang, Anh Minh"]
[Black "Sloan, Jed"]
[Result "1-0"]
[ECO "A40"]
[WhiteElo "1817"]
[BlackElo "1556"]
[Annotator "NA"]
[PlyCount "107"]
[EventDate "2018.11.04"]
[EventType "swiss"]
[EventCountry "ESP"]
[SourceTitle "playchess.com"]
[Source "ChessBase"]
[SourceQuality "1"]
[TimeControl "40/5400+30:1800+30"]

1. d4 Nf6 2. c4 e6 3. g3 Bb4+ 4. Bd2 c5 5. Bxb4 cxb4 6. Bg2 O-O 7. e4 d6 8. Ne2 e5 9. O-O a5 10. Nd2 Nc6 11. Rc1 $11 Re8 12. d5 Nb8 13. c5 dxc5 14. Rxc5 b6 15. Rc1 Ba6 16. Nc4 Bxc4 17. Rxc4 Na6 18. Nc1 Nc5 19. Nd3 Nfd7 20. Bh3 Nxd3 21. Qxd3 Nc5 22. Qe3 Qd6 23. Rfc1 Rad8 24. a3 b3 25. a4 h5 26. Bg2 Qg6 27. Bh3 Qd6 28. Rxc5 bxc5 29. Rxc5 Qb6 30. Qc3 Qb4 31. Qxb4 axb4 32. Kf1 Kf8 33. Ke2 Ke7 34. Kd3 Ra8 35. a5 Reb8 36. Kc4 h4 37. Bg4 hxg3 38. hxg3 g6 39. Kxb3 Ra7 40. Kc4 Raa8 41. b3 f6 42. Be6 Rf8 43. Rc7+ Kd8 44. d6 f5 45. exf5 gxf5 46. a6 Rf6 47. Kd5 Rxe6 48. Kxe6 Rxa6 49. Rh7 Kc8 50. Rh8+ Kb7 51. Ke7 Kc6 52. d7 Ra7 53. Ke6 Rxd7 54. Rc8+ 1-0

[Event "FIDE WCCC U10 2018"]
[Site "Santiago de Compostela"]
[Date "2018.11.10"]
[Round "6"]
[White "Erten, Kerem"]
[Black "Cherniaiev, Tykhon"]
[Result "1/2-1/2"]
[ECO "B20"]
[WhiteElo "1807"]
[BlackElo "1940"]
[Annotator "NA"]
[PlyCount "119"]
[EventDate "2018.11.04"]
[EventType "swiss"]
[EventCountry "ESP"]
[SourceTitle "playchess.com"]
[Source "ChessBase"]
[SourceQuality "1"]
[TimeControl "40/5400+30:1800+30"]

1. e4 c5 2. b3 e6 3. Bb2 Nc6 4. Nf3 d6 5. Bb5 Nge7 6. O-O a6 7. Bxc6+ Nxc6 8. d3 Bd7 9. Nfd2 e5 10. f4 Be7 11. fxe5 dxe5 12. Nc4 Qc7 13. Nc3 Be6 14. Nd5 Qd8 15. Nxe7 Qxe7 16. Nxe5 Nxe5 17. Bxe5 f6 18. Bb2 O-O-O 19. Qe1 h5 20. Qf2 Qc7 21. a4 h4 22. h3 Rh5 23. Qf4 Qb6 24. a5 Qc6 25. Rae1 Rdh8 26. Rf3 Rg5 27. Kh1 Qd7 28. Qe3 Rhh5 29. Qf2 Rg3 30. Qf1 Rg6 31. Bc1 Qc7 32. Bd2 Qd7 33. Qf2 Rg3 34. Ree3 Rxf3 35. Rxf3 Qd8 36. Rf4 Qd4 37. Qxd4 cxd4 38. Rf2 Rc5 39. Bb4 Rc6 40. Bf8 Rc7 41. Kg1 Kd8 42. Kf1 Ke8 43. Ba3 Kf7 44. Ke1 Rd7 45. Bc5 g5 46. Kd2 Kg6 47. Rf1 f5 48. exf5+ Bxf5 49. Re1 Rd5 50. Bb6 Bd7 51. Ke2 Bc6 52. Kf2 g4 53. hxg4 Rg5 54. Rh1 Rxg4 55. Rh2 Rf4+ 56. Kg1 Rg4 57. Bd8 h3 58. Rxh3 Rxg2+ 59. Kf1 Rxc2 60. Rh4 1/2-1/2

[Event "FIDE WCCC U10 2018"]
[Site "Santiago de Compostela"]
[Date "2018.11.10"]
[Round "6"]
[White "Hladky, Tadeas"]
[Black "Habans Aguerrea, Javier"]
[Result "0-1"]
[ECO "B13"]
[WhiteElo "1764"]
[BlackElo "1892"]
[Annotator "NA"]
[PlyCount "63"]
[EventDate "2018.11.04"]
[EventType "swiss"]
[EventCountry "ESP"]
[SourceTitle "playchess.com"]
[Source "ChessBase"]
[SourceQuality "1"]
[TimeControl "40/5400+30:1800+30"]

1. e4 c6 2. d4 d5 3. exd5 cxd5 4. Bd3 Nc6 $11 {[%emt 0:00:04] LiveBook: 2403 Games} 5. c3 Qc7 6. Ne2 Bg4 7. f3 Bd7 8. O-O e6 9. Bf4 Bd6 10. Bxd6 Qxd6 11. f4 Nge7 12. Ng3 O-O-O 13. a4 f6 14. Nd2 Be8 15. Nb3 h5 16. Nc5 h4 17. Ne2 Bf7 18. a5 Rdf8 19. b4 e5 20. Rc1 e4 21. Bc2 h3 22. g3 Bh5 23. Qe1 g5 24. Ra1 Rhg8 25. b5 Nb8 26. fxg5 fxg5 27. Bd1 Bf3 28. Nc1 g4 29. Bxf3 gxf3 30. N1b3 Nf5 31. Ra2 Nxg3 32. Kf2 0-1

[Event "FIDE WCCC U10 2018"]
[Site "Santiago de Compostela"]
[Date "2018.11.10"]
[Round "6"]
[White "Matsumura, Cocoro"]
[Black "Xue, Haowen"]
[Result "1-0"]
[ECO "B30"]
[WhiteElo "1699"]
[BlackElo "2025"]
[Annotator "NA RC"]
[PlyCount "133"]
[EventDate "2018.11.04"]
[EventType "swiss"]
[EventCountry "ESP"]
[SourceTitle "playchess.com"]
[Source "ChessBase"]
[SourceQuality "1"]
[TimeControl "40/5400+30:1800+30"]

1. e4 c5 2. Nf3 Nc6 3. Bb5 e6 4. O-O Nge7 5. Re1 a6 6. Bf1 d5 7. exd5 Nxd5 8. d4 Nf6 9. Be3 Be7 {[%emt 0:00:15] B30: Sizilianisch (Rossolimo-Variante)} (9... Nd5 10. Bg5 f6 11. Bc1 cxd4 12. Nxd4 Nxd4 13. Qxd4 Bd6 14. g3 O-O 15. Bg2 Qc7 16. c3 Bc5 17. Qd3 {½-½ (70) Vidit,S (2711)-Lenic,L (2656) chess.com INT 2018}) 10. c4 cxd4 11. Nxd4 O-O 12. Nc3 Qc7 13. Qf3 Bd7 14. a3 $146 ({Vorgänger:} 14. Rad1 Nxd4 15. Bxd4 Bc6 16. Qh3 Rfd8 {1-0 (57) Yang,K (2430)-Pucovski,M (2275) Novi Sad 2018}) 14... Bd6 15. h3 Ne5 16. Qe2 Rac8 17. Rad1 Ng6 18. b4 Rfd8 19. c5 Be7 20. Rc1 e5 21. Nb3 Be6 22. Na5 Nd5 23. Nxd5 Bxd5 24. Nc4 Be6 25. Nb6 Rb8 26. Rcd1 f5 27. Qc2 Qc6 28. Bc1 e4 29. Bb2 Re8 30. Bc4 Bf8 31. Qc3 Rbd8 32. Qb3 Kf7 33. a4 Bxc4 34. Qxc4+ Qe6 35. Kf1 a5 36. b5 Qxc4+ 37. Nxc4 Bxc5 38. Nxa5 Rxd1 39. Rxd1 Re7 40. Rd5 Bb4 41. Nc4 Ke6 42. Rd8 Rc7 43. Ne3 Nf4 44. g4 g6 45. gxf5+ gxf5 46. Re8+ Re7 47. Rf8 Nd3 {[%emt 0:02:43] [#]} (47... Rf7 $1 $11 {keeps the balance.} 48. Rxf7 Kxf7) 48. Bh8 (48. Rf6+ $1 $16 Kd7 49. Bd4 (49. Nxf5 Nxb2 50. Nxe7 Bxe7 $11)) 48... f4 49. Rf6+ $1 Kd7 50. Nd5 $1 Re8 51. Nxb4 Nxb4 52. Bg7 f3 53. Rf7+ Kc8 54. Bh6 Rd8 55. Kg1 Rd1+ 56. Kh2 Nd3 $2 (56... Nd5 $11) 57. Be3 Rf1 58. Bb6 (58. b6 $142) 58... Nxf2 $2 (58... Rc1 59. Rxh7 Nb4) 59. Rc7+ Kb8 60. Rxh7 Kc8 61. Rc7+ $2 Kb8 62. Re7 Kc8 63. Rc7+ (63. a5 $18) 63... Kb8 64. Rd7 $18 Rh1+ 65. Kg3 Rd1 66. Re7 Nh1+ 67. Kh2 1-0